Cogmind - Beta 13 @@@ ROGUE MODE // 2024.04.21 @ 22:32:08 Player: Haddoc Result: Destroyed self via exploding Fusion Modulator Performance ------------- Evolutions (1) 500 Regions Visited (3) 600 Robots Destroyed (25) 125 Value Destroyed (590) 590 Prototype IDs (6) 120 Alien Tech Used (0) 0 Bonus (0) 0 TOTAL SCORE: 1935 Bonus ------- None Cogmind --------- Core Integrity 0/400 Matter 222/300 Energy 69/100 System Corruption 2% Temperature Cool (24) Movement Core (50) Location -9/Materials Parts ------- > --- POWER (1) -------- (None) > --- PROPULSION (3) --- (None) > --- UTILITY (3) ------ Heat Sink > --- WEAPON (2) ------- (None) > --- INVENTORY (5) ---- Sensor Array Sensor Array Sensor Array Datajack Peak State ------------ > --- POWER ------------ (None) > --- PROPULSION ------- (None) > --- UTILITY ---------- Heat Sink Experimental Sensor Array > --- WEAPON ----------- Rocket Launcher > --- INVENTORY -------- Sensor Array Sensor Array Sensor Array Datajack [Rating: 12] Favorites ----------- Power Ion Engine Engine Ion Engine Propulsion Wheel Leg Improved Aluminum Leg Wheel Wheel Utility Medium Storage Unit Device Sensor Array Storage Medium Storage Unit Processor Signal Interpreter Weapon Assault Rifle Energy Gun Small Laser Ballistic Gun Assault Rifle Ballistic Cannon Light Cannon Launcher Rocket Launcher Impact Weapon Hammer Special Melee Weapon Datajack Build | -11 -10 -10 -9 ------- Run | Yrd Mat Min Mat Slots Evolved 2 | . . . 2 Power . | . . . . Propulsion 1 | . . . 1 Utility 1 | . . . 1 Weapon . | . . . . Parts Attached 31 | 6 8 12 5 Power 4 | 1 1 1 1 Engine 4 | 1 1 1 1 Core . | . . . . Reactor . | . . . . Propulsion 7 | 2 2 2 1 Treads . | . . . . Leg 1 | . . . 1 Wheel 6 | 2 2 2 . Hover . | . . . . Flight . | . . . . Utility 6 | 1 3 . 2 Device 3 | . 1 . 2 Storage 2 | 1 1 . . Processor 1 | . 1 . . Hackware . | . . . . Protection . | . . . . Artifact . | . . . . Weapon 14 | 2 2 9 1 Energy Gun 1 | . . 1 . Energy Cannon . | . . . . Ballistic Gun 3 | 2 . 1 . Ballistic Cannon 1 | . 1 . . Launcher 3 | . . 2 1 Special Weapon . | . . . . Impact Weapon 4 | . . 4 . Slashing Weapon . | . . . . Piercing Weapon . | . . . . Special Melee Weapon 2 | . 1 1 . Unidentified Prototypes 1 | . . . 1 Corrupted Parts 1 | . . . 1 System Corruption 2 | . . . 2 Parts Lost 16 | . . 6 10 Power 2 | . . . 2 Propulsion 5 | . . 3 2 Utility 3 | . . . 3 Weapon 6 | . . 3 3 Highest Loss Streak 10 | . . 3 10 To Critical Strikes . | . . . . Average Slot Usage (%) 92 | . 98 92 49 Engine 13 | . 14 14 7 Wheel 24 | . 28 24 5 Device 2 | . 4 . 4 Storage 13 | . 14 14 8 Processor 10 | . 8 14 9 Ballistic Gun 16 | . 21 11 7 Ballistic Cannon 2 | . 4 . . Launcher 1 | . . 5 1 Impact Weapon 2 | . . 4 7 Special Melee Weapon 1 | . 2 . . Naked Turns . | . . . . Heaviest Build 21 | 14 20 21 18 Greatest Support 26 | 20 26 26 10 Greatest Overweight (x) 5 | . . 1 5 Average Overweight (x) . | . . . . Largest Inventory Capacity 10 | 8 10 10 10 Average Capacity 9 | 7 9 10 8 Most Carried 10 | 5 10 10 9 Average Carried 7 | 1 8 8 6 Final Capacity 10 | 8 10 10 5 Final Carried 10 | 4 10 8 4 Class Distribution -------------------- 100% | Mutant Dominant Class ---------------- Mutant | -10/Materials Mutant | -10/Mines Mutant | -9/Materials Resources | -11 -10 -10 -9 ----------- Run | Yrd Mat Min Mat Matter Collected 719 | 296 260 163 . Remotely . | . . . . Salvage Created 734 | 90 197 251 196 Parts 40 | 9 17 5 9 Haulers Intercepted . | . . . . Recyclers Shooed . | . . . . Parts Field Recycled . | . . . . Retrieved Matter . | . . . . Parts Self-Destructed . | . . . . Prevented . | . . . . Kills | -11 -10 -10 -9 ------- Run | Yrd Mat Min Mat Combat Hostiles Destroyed 17 | . 7 5 5 Melee 1 | . . 1 . Guns 6 | . 4 1 1 Cannons 3 | . 3 . . AOE 5 | . . 2 3 Classes Destroyed 8 | 2 3 1 2 Worker 2 | . . 2 . Tunneler 3 | 2 . 1 . Recycler 2 | 1 . 1 . Watcher 1 | . 1 . . Swarmer 5 | . 3 2 . Grunt 9 | . 4 3 2 Duelist 1 | . . . 1 Sentry 2 | . . . 2 Best Kill Streak 5 | 2 3 5 3 Combat Bots Only 3 | . 3 3 3 Max Kills in Single Turn 2 | 1 1 2 2 Gunslinging . | . . . . Exploded 2 | . . 1 2 Melee 1 | . . 1 . Uniques/NPCs Destroyed . | . . . . Combat | -11 -10 -10 -9 -------- Run | Yrd Mat Min Mat Hostile Shots Fired 154 | . 39 25 90 Missed 50 | . 9 8 33 Damage Taken 1962 | . 360 589 1013 Core 646 | . 52 162 432 Absorbed by Shields . | . . . . Core Remaining (%) 57 | 100 . 14 . Volleys Fired 64 | 6 30 14 14 Largest 2 | 2 2 2 1 Hottest 60 | 40 55 60 33 Shots Fired 110 | 12 60 24 14 Gun 84 | 12 44 17 11 Cannon 16 | . 16 . . Launcher 10 | . . 7 3 Special . | . . . . Kinetic 97 | 12 60 14 11 Thermal 3 | . . 3 . Explosive 10 | . . 7 3 Electromagnetic . | . . . . Robot Hit Streak 7 | 4 7 4 3 Robot Miss Streak 10 | 1 10 2 2 Penetration Max . | . . . . Secondary Targets . | . . . . Shots Hit Robots 66 | 8 29 18 11 Core Hits 34 | 4 11 11 8 Critical Kills . | . . . . Critical Parts Destroyed 3 | . . 2 1 Critical Strikes 4 | . 1 2 1 Blast 1 | . 1 . . Smash 3 | . . 2 1 Melee Attacks 16 | . . 14 2 Impact 13 | . . 11 2 Slashing . | . . . . Piercing . | . . . . Sneak Attacks 6 | . . 6 . Combat Hostiles . | . . . . Follow-up Attacks . | . . . . Damage Inflicted 1501 | 102 409 753 237 Guns 511 | 102 278 87 44 Cannons 131 | . 131 . . Explosions 482 | . . 353 129 Melee 351 | . . 313 38 Ramming 26 | . . . 26 Kinetic 630 | 102 409 75 44 Thermal 12 | . . 12 . Explosive 482 | . . 353 129 Electromagnetic . | . . . . Impact 351 | . . 313 38 Slashing . | . . . . Piercing . | . . . . Highest Corruption 7 | . . 7 2 Average Corruption 6 | . . 7 2 Corruption Purged . | . . . . Corruption Blocked . | . . . . Effects 3 | . . 3 . Message Errors 1 | . . 1 . Matter Fused 1 | . . 1 . Heat Flow Errors 1 | . . 1 . Overload Shots . | . . . . Overflow Damage 180 | . . 119 61 Projectiles . | . . . . Explosions 33 | . . . 33 Melee 147 | . . 119 28 Knockbacks 3 | . 3 . . Impact . | . . . . Kinetic 3 | . 3 . . Secondary . | . . . . Self-Inflicted Damage 259 | . . 33 226 Shots 4 | . . 2 2 Rammed 6 | . . . 6 Targets Rammed 9 | . . . 9 Kicked 3 | . . . 3 Crushed . | . . . . Highest Temperature 289 | . 23 289 24 Average Temperature 50 | . 10 106 9 Received Heat Transfer 543 | . 144 114 285 Siege Activations . | . . . . Robots Corrupted . | . . . . Combat Hostiles . | . . . . Parts Fried 4 | . . 4 . Impact Corruptions 8 | . . 6 2 Robots Melted . | . . . . Combat Hostiles . | . . . . Parts Melted . | . . . . Heat Transferred 25 | . . 25 . Parts Sabotaged . | . . . . Parts Stolen . | . . . . Parts Stripped . | . . . . Power Chain Reactions . | . . . . Alert | -11 -10 -10 -9 ------- Run | Yrd Mat Min Mat Peak Influence 240 | 15 142 240 114 Initial 55 | . 9 55 15 Average 73 | 4 48 136 41 Maximum Alert Level 1 | . . 1 . Low Security (%) 89 | 100 100 66 100 Level 1 10 | . . 33 . Level 2 . | . . . . Level 3 . | . . . . Level 4 . | . . . . Level 5 . | . . . . High Security . | . . . . Max Security . | . . . . Squads Dispatched 1 | . 1 . . Investigation 1 | . 1 . . Extermination . | . . . . Reinforcement . | . . . . Assault . | . . . . Garrison . | . . . . Intercept . | . . . . Searches Triggered . | . . . . Construction Impeded . | . . . . Haulers Reinforced . | . . . . Active Scanning Responses . | . . . . Cargo Convoy Interrupts . | . . . . Stealth | -11 -10 -10 -9 --------- Run | Yrd Mat Min Mat Distress Signals . | . . . . Communications Jammed . | . . . . Distress Signals . | . . . . Times Spotted 27 | . 13 9 5 Peak Tracking Total 5 | . 3 4 5 Tactical Retreats 3 | . . 3 . Traps | -11 -10 -10 -9 ------- Run | Yrd Mat Min Mat Traps Triggered 1 | . 1 . . Indirectly . | . . . . Trap Hack Attempts 36 | . 36 . . Triggered . | . . . . Disarmed . | . . . . Reprogrammed 9 | . 9 . . Reused 1 | . 1 . . Traps Extracted . | . . . . Installed . | . . . . Triggered 1 | . 1 . . Machines | -11 -10 -10 -9 ---------- Run | Yrd Mat Min Mat Machines Disabled 2 | . . . 2 Max in Single Turn 2 | . . . 2 Machines Repaired . | . . . . Machines Dismantled . | . . . . Machines Sabotaged . | . . . . Overloaded Fab Kills . | . . . . Hacking | -11 -10 -10 -9 --------- Run | Yrd Mat Min Mat Machines Accessed 10 | . 8 1 1 Terminals 10 | . 8 1 1 Fabricators . | . . . . Repair Stations . | . . . . Recycling Units . | . . . . Scanalyzers . | . . . . Garrison Access . | . . . . Total Hacks 25 | . 22 1 2 Successful 13 | . 11 1 1 Failed 12 | . 11 . 1 Catastrophic 1 | . 1 . . Database Lockouts . | . . . . Manual 9 | . 6 1 2 Terminals 25 | . 22 1 2 Fabricators . | . . . . Repair Stations . | . . . . Recycling Units . | . . . . Scanalyzers . | . . . . Garrison Access . | . . . . Terminal Hacks 13 | . 11 1 1 Record 1 | . 1 . . Part Schematic 2 | . 1 . 1 Prototype ID Bank 3 | . 2 1 . Terminal Index 1 | . 1 . . Alert Level 1 | . 1 . . Unreport Threat 1 | . 1 . . Locate Traps 1 | . 1 . . Reprogram Traps 1 | . 1 . . Registered Components 1 | . 1 . . Zone Layout 1 | . 1 . . Fabricator Hacks . | . . . . Repair Station Hacks . | . . . . Recycling Unit Hacks . | . . . . Scanalyzer . | . . . . Garrison Access Hacks . | . . . . Unauthorized Hacks . | . . . . Terminals . | . . . . Fabricators . | . . . . Repair Stations . | . . . . Recycling Units . | . . . . Scanalyzers . | . . . . Garrison Access . | . . . . Data Cores Recovered . | . . . . Used . | . . . . Hacking Detections 9 | . 7 1 1 Full Trace Events 2 | . 2 . . Feedback Events . | . . . . Feedback Blocked . | . . . . Robot Schematics Acquired . | . . . . Robots Built . | . . . . Authchips . | . . . . Time . | . . . . Total Robot Build Rating . | . . . . Part Schematics Acquired 2 | . 1 . 1 Parts Built . | . . . . Authchips . | . . . . Time . | . . . . Total Part Build Rating . | . . . . Parts Repaired . | . . . . Time . | . . . . Parts Recycled . | . . . . Recycled Matter . | . . . . Retrieved Matter . | . . . . Retrieved Components . | . . . . Parts Scanalyzed . | . . . . Part Schematics Acquired . | . . . . Parts Damaged . | . . . . Bothacking | -11 -10 -10 -9 ------------ Run | Yrd Mat Min Mat Used RIF Installer . | . . . . Robots Hacked 1 | . . 1 . Non-combat 1 | . . 1 . Combat . | . . . . Robot Hacks Applied 1 | . . 1 . parse_system 1 | . . 1 . Relay Couplers Released . | . . . . Fabnet Peak Effective % . | . . . . Robots Rewired . | . . . . Allies Hacked . | . . . . Hacks Repelled . | . . . . Allies | -11 -10 -10 -9 -------- Run | Yrd Mat Min Mat Total Allies . | . . . . Largest Group . | . . . . Highest-Rated Group . | . . . . Highest-Rated Ally . | . . . . Total Orders . | . . . . Ally Attacks . | . . . . Total Damage . | . . . . Kills . | . . . . Allies Corrupted . | . . . . Allies Melted . | . . . . Intel | -11 -10 -10 -9 ------- Run | Yrd Mat Min Mat Robot Analysis Total . | . . . . Derelict Logs Recovered 2 | . . 2 . Drone Launches . | . . . . Drone Recoveries . | . . . . Exploration | -11 -10 -10 -9 ------------- Run | Yrd Mat Min Mat Turns Passed 1315 | 77 700 423 115 Spaces Moved 1094 | 56 605 364 69 Core 43 | 18 . . 25 Treads . | . . . . Legs . | . . . . Wheels 1051 | 38 605 364 44 Hover . | . . . . Flight . | . . . . Fastest Speed 50 | 50 80 80 50 Average Speed 88 | 70 89 88 91 Slowest Speed 300 | 80 90 95 300 Overloaded Moves . | . . . . Propulsion Burnouts . | . . . . Robots Hopped . | . . . . Cave-ins Triggered 1 | . . 1 . Exploration Rate (%) 41 | 4 89 62 9 Regions Visited 3 Branch Regions 1 Pre-discovered Areas . | . . . . Known Exits Taken 2 | . 1 1 . Unknown Exits Taken 1 | 1 . . . Scrap Searched . | . . . . Spaces Dug 5 | . . 5 . Terrain Destroyed 82 | . . 61 21 Melee . | . . . . Projectile . | . . . . AOE 82 | . . 61 21 Terrain Rammed . | . . . . Walls Destroyed . | . . . . Machines Disabled . | . . . . Actions | -11 -10 -10 -9 --------- Run | Yrd Mat Min Mat Total 1305 | 81 704 418 102 Wait 19 | 2 11 6 . Move 1091 | 55 604 363 69 Hop . | . . . . Pick Up 31 | 11 11 6 3 Fast Attach . | . . . . Attach 19 | 6 3 5 5 Detach . | . . . . Swap 12 | . 5 7 . Drop 8 | 1 4 3 . Fire 64 | 6 30 14 14 Melee 16 | . . 14 2 Ram 6 | . . . 6 Kick 3 | . . . 3 Crush . | . . . . Escape Stasis . | . . . . Rewire . | . . . . Trap 36 | . 36 . . Miscellaneous . | . . . . Route ------- -11/Scrapyard -10/Materials (discovered 4 exits: *Mat x3 / *Min) -10/Mines -9/Materials (discovered 1 exit: Mat) History --------- Turn | Location | Event 2 | -11/Scrapyard | Met Revision 17 8 | -11/Scrapyard | Discovered new exit (range 13) 78 | -11/Scrapyard | Entered Materials 313 | -10/Materials | Discovered new exit (range 6) 316 | -10/Materials | Build established: Mutant 328 | -10/Materials | Discovered new exit (range 15) 542 | -10/Materials | Discovered new exit (range 16) 683 | -10/Materials | Discovered new exit (range 3) 685 | -10/Materials | Identified exit to Materials 768 | -10/Materials | Identified exit to Mines 778 | -10/Materials | Entered Mines 780 | -10/Mines | Assembled infested the area 781 | -10/Mines | Met a Derelict bent on vengeance 793 | -10/Mines | Received a Rocket Launcher from a helpful Derelict 802 | -10/Mines | Learned Materials stockpile data 810 | -10/Mines | Learned location of 1 exit from Materials 914 | -10/Mines | Found a damaged Exp. Sensor Array with a note attached 915 | -10/Mines | Found Prototype Device 990 | -10/Mines | Crushed by falling debris 990 | -10/Mines | Core integrity fell below 50% 1120 | -10/Mines | Lost 3 parts (1n2w) 1132 | -10/Mines | Core integrity fell below 20% 1197 | -10/Mines | Discovered exit to Materials (range 6) 1201 | -10/Mines | Entered Materials 1201 | -9/Materials | Evolved 2 slots: Propulsion x1, Utility x1 1202 | -9/Materials | Identified exit to Materials 1276 | -9/Materials | Core integrity fell below 50% 1293 | -9/Materials | Identified Exp. Sensor Array 1316 | -9/Materials | Destroyed self via exploding Fusion Modulator Last Messages --------------- 01284_ K-01 Serf collects debris. 01286_ Slammed into Y-45 Defender. 01286_ Med. Storage Unit destroyed. 01288_ Slammed into Y-45 Defender. 01289_ K-01 Serf collects debris. 01289_ Slammed into Y-45 Defender. 01293_ Identified Exp. Sensor Array. 01296_ Slammed into Y-45 Defender. 01298_ Acquired Datajack. 01299_ K-01 Serf destroyed. 01299_ Signal Interpreter destroyed. 01303_ Acquired Rocket Launcher. 01305_ G-34 Mercenary destroyed. 01309_ Y-45 Defender destroyed. 01316_ Fusion Modulator explodes. 01316_ Rocket Launcher destroyed. 01316_ Destroyed Rocket Launcher. 01316_ Exp. Sensor Array destroyed. 01316_ Destroyed Exp. Sensor Array. 01316_ Fusion Modulator explodes. Map ----- +----------------------------------------------------+ | ?????????????????????????????????????????????????? | | ?????????????????????????????????????????????????? | | ?????????????????????????????????????????????????? | | ?????????????????????????????????????????????????? | | ?????????????????????????????????????????????????? | | ?????????????????????????????????????????????????? | | ?????????????????????????????????????????????????? | | ?????????????????????????????????????????????????? | | ?????????????????????????????????????????????????? | | ?????????????????????????????????????????????????? | | ?????????????????????????????????????????????????? | | ?????????????????????????????????????????????????? | | ?????????????????????????????????????????????????? | | ?????????????????????????????????????????????????? | | ?????????????????????????????????????????????????? | | ?????????????????????????????????????????????????? | | ?????????????????????????????????????????????????? | | ????????????????????###########??????????????????? | | ????????????????""??# #??????????????????? | | ????????????????"""?# #??????????????????? | | ????????????????""" # #??????????????????? | | ????????????????""" ; #??????????????????? | | ??????????? """"""" ; ##?????????????????? | | ??????????# ; #?????????????????? | | ??????????? ; ##?????????????????? | | ???????????###+##?#;; @ #######????????????? | | ????????#### ###;; ;# ############ | | ????????+ | | ????????# % | | ????????+ # | | ???????????# ###+ ### ############## | | ???????????####???# # ## ##????????????? | | ??????????????????# # ## ##????????????? | | ??????????????????# = # ## T#????????????? | | ??????????????????# # """ ## ##????????????? | | ??????????????????# # """ ## #?????????????? | | ??????????????????# # """ ## #?????????????? | | ??????????????????# ######### #?????????????? | | ??????????????????# #???????#####?????????????? | | ??????????????????# #?????????????????????????? | | ??????????????????######?????????????????????????? | | ?????????????????????????????????????????????????? | | ?????????????????????????????????????????????????? | | ?????????????????????????????????????????????????? | | ?????????????????????????????????????????????????? | | ?????????????????????????????????????????????????? | | ?????????????????????????????????????????????????? | | ?????????????????????????????????????????????????? | | | | | +----------------------------------------------------+ Best States ------------- Heat Dissipation 38 Energy Generation 10 Energy Capacity 250 Matter Stores 300 Matter Capacity 300 Sight Range 16 Robot Scan Range 20 Terrain Scan Density 10 Evasion (%) 50 Item Schematics ----------------- Assault Rifle | -10/Materials | Hacked Com. Wheel | -9/Materials | Hacked Robot Schematics ------------------ None Fabricated ------------ Nothing Alien Tech Used ----------------- None Achievements -------------- None Challenges ------------ None Game ------ Seed DataPotentialMembrane Manual? 0 Play Time 00:21:29 Cumulative 22.4 hours Start 2024.04.21 @ 22:12:47 End 2024.04.21 @ 22:32:08 Sessions 1 Manual Loads 0 Difficulty Rogue Special Mode None Game No. 22 Rogue 7 Adventurer 11 Explorer 4 Win Type - Total 1 Types 1/0/0/0/0/0/0/0/0 Lore% 28 Gallery% 29 Achievement% 29 Wizard Run 0 Options --------- Layout 1 ASCII 0 Keyboard 0 Movement Numpad Keybinds 0 Fullscreen 1 Font 20/SmallcapsGlow Map View 54x42 Zoom Use 0% Tactical HUD 1 Map Filters NONE Filters NONE Steam 1 RUN: 575cd13a-93ef-48c8-8883-45353231413d